 Dungeon Crawl Stone Soup version 0.20-a0-472-g5c05303 (webtiles) character file.

1738 Faca the Carver (level 9, -15/68 HPs)
             Began as a Formicid Fighter on Jan 14, 2017.
             Was an Initiate of Okawaru.
             Demolished by a two-headed ogre
             ... wielding a +0 giant spiked club
              (19 damage)
             ... on level 5 of the Dungeon.
             The game lasted 00:17:59 (4994 turns).

Faca the Carver (Formicid Fighter)                  Turns: 4994, Time: 00:18:00

Health: -15/68     AC: 13    Str: 22    XL:     9   Next: 26%
Magic:  9/9        EV:  8    Int:  8    God:    Okawaru [......]
Gold:   174        SH: 11    Dex: 12    Spells: 8/8 levels left

rFire  x . .     SeeInvis +     a - +0 long sword
rCold  + . .     Gourm    .     m - +0 chain mail
rNeg   . . .     Faith    .     c - +0 shield
rPois  .         Spirit   .     (helmet unavailable)
rElec  .         Reflect  .     t - +2 cloak {+Inv}
rCorr  .         Harm     .     (no gloves)
MR     .....                    (no boots)
Stlth  ..........               (no amulet)
                                (no ring)
                                r - ring of ice

@: no status effects
A: permanent stasis, dig shafts and tunnels, four strong arms, antennae 3
a: Dig, Shaft Self, Renounce Religion, Evoke Invisibility


You were on level 5 of the Dungeon.
You worshipped Okawaru.
Okawaru was noncommittal.
You were not hungry.

You visited 1 branch of the dungeon, and saw 6 of its levels.

You collected 174 gold pieces.

Inventory:

Hand Weapons
 a - a +0 long sword (weapon)
 j - a +0 hunting sling
Missiles
 g - 83 sling bullets
 h - 127 stones (quivered)
Armour
 c - a +0 shield (worn)
 m - a +0 chain mail (worn)
 t - a +2 cloak of invisibility (worn)
Jewellery
 r - a ring of ice (left hand)
Wands
 s - a wand of confusion (13/48)
Scrolls
 b - 3 scrolls of identify
 u - a scroll of recharging
Potions
 d - 2 potions of might
 e - 2 potions of curing
 i - a potion of flight
 k - a potion of brilliance
 l - 2 potions of heal wounds
 n - a potion of cure mutation
 o - a potion of invisibility
Comestibles
 f - 2 bread rations
 p - a meat ration


   Skills:
 + Level 5.3 Fighting
 + Level 8.1 Long Blades
 + Level 5.5 Armour
 - Level 1.0 Dodging
 + Level 0.3 Stealth
 + Level 7.5 Shields


You had 8 spell levels left.
You didn't know any spells.

Dungeon Overview and Level Annotations

Branches:
Dungeon (6/15)
 Temple: D:4-7

Altars:
Dithmenos
Kikubaaqudgha
Okawaru
Qazlal
Trog
Uskayaw
Yredelemnul
The Shining One

Shops:
D:6 ?


Innate Abilities, Weirdness & Mutations

You cannot be hasted, slowed, berserked, paralysed or teleported.
You can dig through walls and to a lower floor.
Your four strong arms can wield two-handed weapons with a shield.
You have a pair of large antennae on your head. (SInv)


Message History

You hit the two-headed ogre but do no damage.
The two-headed ogre is moderately wounded.
The two-headed ogre hits you with a giant spiked club!
* * * LOW HITPOINT WARNING * * *
You block the two-headed ogre's attack.
There is an open door here.
As you open the door, it creaks loudly!
There is an open door here.
The two-headed ogre hits you but does no damage. x2
There is a stone staircase leading down here.
There is an iron altar of Okawaru here.
There is a stone staircase leading up here.
You climb upwards.
There is a stone staircase leading down here.
The two-headed ogre hits you with a giant spiked club.
* * * LOW HITPOINT WARNING * * *
The two-headed ogre hits you with a giant club!
* * * LOW HITPOINT WARNING * * *
The two-headed ogre hits you with a giant spiked club!!
You die...

........###.....############..#
........# #...................#
........###.............#######
...................>....#######
##......###...................#
##......# #...................#
...###### #.........##........#
...############.O...##........#
...#........# #.@...##........#
...#........# #.....##........#
...#........# #.....##........#
####........###.....##........#
................)...##........#
##............................#
##..........###.....##........#
##........................#####
##........................#


You could see a two-headed ogre.

Vanquished Creatures
  Grinder (D:4)
  Sigmund (D:3)
  Menkaure (D:4)
  The ghost of Zazen the Insei, an amateur OpTm (D:4)
  A centaur (D:6)
  3 ogres
  A bullfrog (D:6)
  2 howler monkeys
  A centaur zombie (D:6)
  3 hounds
  An orc priest (D:6)
  Crazy Yiuf (D:4)
  A bullfrog skeleton (D:4)
  Jessica (D:2)
  An iguana (D:6)
  5 orc wizards
  Ijyb (D:2)
  A killer bee zombie (D:5)
  A hound skeleton (D:4)
  A hound zombie (D:5)
  Robin (D:2)
  A worker ant zombie (D:3)
  4 gnolls (D:3)
  3 adders
  A shadow imp (D:5)
  An ooze (D:3)
  2 adder skeletons
  5 worms
  4 dart slugs
  A leopard gecko (D:2)
  12 orcs
  7 giant cockroaches
  2 gnoll zombies (D:4)
  9 hobgoblins
  7 jackals
  4 kobolds
  2 quokkas
  2 ball pythons
  8 bats
  9 frilled lizards
  13 goblins
  2 quokka skeletons
  16 rats
145 creatures vanquished.

Notes
Turn   | Place    | Note
-------+----------+-------------------------------------------
     0 | D:1      | Faca the Formicid Fighter began the quest for the Orb.
     0 | D:1      | Reached XP level 1. HP: 18/18 MP: 1/1
   191 | D:1      | Reached XP level 2. HP: 15/24 MP: 2/2
   609 | D:2      | Reached XP level 3. HP: 22/29 MP: 3/3
   966 | D:2      | Noticed Ijyb
   994 | D:2      | Killed Ijyb
   994 | D:2      | Reached XP level 4. HP: 34/37 MP: 4/4
  1047 | D:2      | Found a glowing golden altar of the Shining One.
  1075 | D:2      | Noticed Jessica
  1082 | D:2      | Killed Jessica
  1082 | D:2      | Reached skill level 3 in Long Blades
  1216 | D:2      | Reached XP level 5. HP: 32/42 MP: 5/5
  1293 | D:2      | Noticed Robin
  1309 | D:2      | Killed Robin
  1636 | D:2      | Found a faded altar of an unknown god.
  2116 | D:3      | Noticed an ogre
  2131 | D:3      | Killed an ogre
  2131 | D:3      | Reached skill level 4 in Long Blades
  2131 | D:3      | Reached XP level 6. HP: 48/48 MP: 6/6
  2147 | D:3      | Noticed a moth of wrath
  2150 | D:3      | Found a bloodstained altar of Trog.
  2244 | D:3      | Noticed Sigmund
  2254 | D:3      | Killed Sigmund
  2254 | D:3      | Reached skill level 1 in Dodging
  2254 | D:3      | Reached skill level 5 in Shields
  2254 | D:3      | Reached XP level 7. HP: 38/54 MP: 7/7
  2401 | D:3      | Reached skill level 5 in Long Blades
  2935 | D:3      | Found an ancient bone altar of Kikubaaqudgha.
  2935 | D:3      | Found a shadowy altar of Dithmenos.
  3199 | D:4      | Noticed Grinder
  3199 | D:4      | Noticed Zazen's ghost (amateur OpTm)
  3209 | D:4      | Killed Zazen's ghost
  3209 | D:4      | Reached XP level 8. HP: 57/61 MP: 8/8
  3227 | D:4      | Killed Grinder
  3227 | D:4      | Reached skill level 6 in Long Blades
  3227 | D:4      | Reached skill level 5 in Armour
  3394 | D:4      | Noticed Menkaure
  3410 | D:4      | Killed Menkaure
  3532 | D:4      | Found a runed door.
  3536 | D:4      | Noticed Crazy Yiuf
  3543 | D:4      | Killed Crazy Yiuf
  3622 | D:4      | Found a basalt altar of Yredelemnul.
  3684 | D:5      | Entered Level 5 of the Dungeon
  3740 | D:5      | Reached skill level 5 in Fighting
  3740 | D:5      | Reached skill level 7 in Long Blades
  3759 | D:5      | Found a stormy altar of Qazlal.
  3873 | D:5      | Reached XP level 9. HP: 36/68 MP: 9/9
  4296 | D:5      | Found a stormy altar of Qazlal.
  4299 | D:5      | Found an iron altar of Okawaru.
  4304 | D:5      | Became a worshipper of Warmaster Okawaru
  4706 | D:6      | Found Jallecenk's Magic Scroll Shop.
  4757 | D:6      | Reached skill level 8 in Long Blades
  4839 | D:6      | Found an iron altar of Okawaru.
  4904 | D:6      | Found a hide-covered altar of Uskayaw.
  4909 | D:6      | Noticed a hand axe
  4909 | D:6      | Noticed a hand axe
  4912 | D:6      | Noticed a two-headed ogre
  4992 | D:5      | HP: 3/68 [two-headed ogre/giant spiked club (13)]
  4994 | D:5      | Demolished by a two-headed ogre

Vault maps used:
D:1:      saegor_arrival_simple_b, serial_bayou_pond_e
D:2:      lemuel_coloured_pillars_altar, first_bread,
          chequers_ecumenical_altar_island, uniq_robin, uniq_iyjb, uniq_jessica
D:3:      tgw_trog, gammafunk_temple_overflow_elements, nrook_mini_vaults,
          uniq_sigmund
D:4:      lemuel_zombie_altar_yredelemnul, uniq_menkaure,
          uniq_crazy_yiuf_cottage, uniq_grinder
D:5:      minitemple, nicolae_qazlal_eye_of_the_storm
D:6:      dancing_weapons_uskayaw, serial_shops, shop, basic_altar,
          uniq_blork_the_orc

Skill      XL: |  1  2  3  4  5  6  7  8  9 |
---------------+----------------------------+-----
Shields        | 4 5 6 7 |  7.5
Long Blades    | 3 4 5 7 8 |  8.1
Armour         | 4 5 |  5.5
Fighting       | 4 5 |  5.3
Dodging        | 1 |  1.0
Stealth        | |  0.3

Action                   |  1- 3 |  4- 6 |  7- 9 || total
-------------------------+-------+-------+-------++-------
Melee: Long sword        |   114 |   183 |   328 ||   625
 Abil: Dig               |       |     1 |       ||     1
  Use: Scroll            |     5 |     2 |     5 ||    12
  Eat: Chunk             |       |     1 |     4 ||     5
       Bread ration      |       |     1 |     1 ||     2
       Royal jelly       |       |       |     1 ||     1
Armor: Scale mail        |    51 |    58 |       ||   109
       Chain mail        |       |    16 |   174 ||   190
Dodge: Dodged            |    43 |    47 |    86 ||   176
Block: Shield            |    57 |    89 |   196 ||   342
       Rpst.: Long sword |    12 |    14 |    28 ||    54
